 Dungeon Crawl Stone Soup version 0.27.0-66-gdc8fb28755 (webtiles) character file.

Game seed: 7289864805888639497

260 ZARRMARR the Insei (level 6, -8/64 HPs)
             Began as a Djinni Transmuter on Aug 19, 2021.
             Was an Initiate of Ru.
             Mangled by a gnoll (9 damage)
             ... on level 4 of the Dungeon.
             The game lasted 00:16:27 (6547 turns).

ZARRMARR the Insei (Djinni Transmuter)              Turns: 6547, Time: 00:16:28

Health: -8/64      AC: 23    Str:  9    XL:     6   Next: 41%
Gold:   106        EV:  2    Int: 17    God:    Ru [......] SH:  0 Dex: 13

rFire    x . .     SeeInvis .     - Unarmed
rCold    + . .     Faith    .   (no shield)
rNeg     + + +     Spirit   .   (armour currently unavailable)
rPois    ∞         Reflect  .   (helmet currently unavailable)
rElec    .         Harm     .   (cloak currently unavailable)
rCorr    .         Rampage  .   (gloves currently unavailable)
Will     .....     NoTele   +   (boots unavailable)
Stlth    ++........             (no amulet)
HPRegen  0.20/turn              b - ring of ice
MPRegen  0.00/turn              (no ring)

@: tree-form
A: stationary, stasis, torment immunity, boosted hp, sickness immunity, (fire
resistance 2), (cold vulnerability 1), float, innate caster, hp casting, extra
vitality 1
a: Renounce Religion


You were on level 4 of the Dungeon.
You worshipped Ru.
Ru was noncommittal.
You were a tree.
You visited 1 branch of the dungeon, and saw 4 of its levels.

You collected 106 gold pieces.

Inventory:

Missiles
 c - 30 stones (quivered)
 i - 16 poisoned darts
Armour
 a - a +0 robe (melded)
 k - a +0 cloak (melded)
Jewellery
 b - a ring of ice (left branch)
Scrolls
 h - a scroll of teleportation
 l - a scroll of holy word
 m - a scroll of fog {unknown}
Potions
 d - a potion of invisibility {unknown}
 e - a potion of might {unknown}
 f - 2 potions of curing {unknown}
 g - a potion of lignification
 j - a potion of attraction {unknown}
 n - a potion of heal wounds {unknown}
 o - a potion of resistance {unknown}
 p - a potion of magic {unknown}


   Skills:
 + Level 1.7 Fighting
 + Level 3.0 Dodging
 + Level 1.3 Stealth
 + Level 5.1 Unarmed Combat
 + Level 2.7 Spellcasting


You couldn't memorise any spells.
You knew the following spells:

 Your Spells              Type           Power      Damage    Failure   Level
a - Beastly Appendage     Tmut           22%        N/A       6%          1
b - Wereblood             Tmut           11%        N/A       9%          2
c - Spider Form           Tmut/Pois      5%         N/A       19%         3
d - Ice Form              Ice/Tmut       17%        N/A       52%         4
e - Freeze                Ice            68%        1d8       6%          1
f - Blink                 Tloc           N/A        N/A       9%          2
Your spell library was empty.

Dungeon Overview and Level Annotations

Branches:
Dungeon (4/15)
 Temple: D:4-7

Altars:
Ru

Shops:
D:2 [


Innate Abilities, Weirdness & Mutations

You are a tree.
Your roots penetrate the ground, keeping you stationary.
You cannot be teleported.
You are immune to unholy pain and torment.
Your maximum health is greatly increased.
Your equipment is partially melded.
You are immune to sickness and miasma.
You are immune to poison.
((Your flesh is very heat resistant. (rF++)))
((You are vulnerable to cold. (rC-)))
You float through the air rather than walking.
You learn spells naturally, not from books.
Your magical power is your life essence.
You have superior vitality. (+4 HP)


Message History

A gnoll comes into view. It is wielding a +0 flail.
The gnoll hits you but does no damage. Ijyb hits you but does no damage.
The gnoll hits you from afar with a +0 halberd.
* * * LOW HITPOINT WARNING * * *
The gnoll shouts!
You smack Ijyb!
You kill Ijyb!
The gnoll barely misses you.
Your Dodging skill increases to level 3!
Your Unarmed Combat skill increases to level 5!
You smack the gnoll!
The gnoll is severely wounded.
The gnoll hits you but does no damage.
You barely miss the gnoll.
The gnoll is severely wounded.
The gnoll hits you but does no damage. x2
You smack the gnoll!
You kill the gnoll!
The gnoll completely misses you.
You cannot move.
Throw: 32 stones
Press: ? - help, Q - select action, (/) - cycle Shift-Dir - straight line, f - gnoll
Aim: a gnoll, wielding a +0 halberd and wearing a +4 ring of evasion (43% to hit)
You throw a stone. The stone barely misses the gnoll.
The gnoll hits you from afar with a +0 halberd.
* * * LOW HITPOINT WARNING * * *
Throw: 31 stones
Press: ? - help, Q - select action, (/) - cycle Shift-Dir - straight line, f/p - gnoll
Aim: a gnoll, wielding a +0 halberd and wearing a +4 ring of evasion (43% to hit)
You throw a stone.
The stone hits the gnoll but does no damage.
The gnoll hits you from afar with a +0 halberd.
* * * LOW HITPOINT WARNING * * *
You hit the gnoll.
The gnoll is lightly wounded.
The gnoll hits you but does no damage. x2
You hit the gnoll.
The gnoll is heavily wounded.
The gnoll hits you from afar with a +0 halberd!
You die...

#..## ##..#
#..# ##.##
#..# #..##
##..###
###.)..##
#...♣...#
#......g...#
.....g.....#
...........#
...........#
...........#
...........#
...........#


You could see 2 gnolls.

Vanquished Creatures
  A necrophage (D:3)
  Ijyb (D:4)
  4 gnolls
  4 adders
  3 worms (D:2)
  2 dart slugs (D:1)
  2 orcs (D:3)
  4 bats
  4 endoplasms
  5 giant cockroaches
  6 goblins
  3 hobgoblins
  3 jackals (D:3)
  4 kobolds
  A quokka (D:2)
  2 ball pythons
  5 frilled lizards
  6 rats
60 creatures vanquished.

Vanquished Creatures (others)
  An orc (D:4)
1 creature vanquished.

Grand Total: 61 creatures vanquished

Notes
Turn   | Place    | Note
-------+----------+-------------------------------------------
     0 | D:1      | ZARRMARR the Djinni Transmuter began the quest for the Orb.
     0 | D:1      | Reached XP level 1. HP: 17/17 MP: 0/0
   452 | D:1      | Reached XP level 2. HP: 14/22 MP: 0/0
  1952 | D:2      | Reached XP level 3. HP: 23/27 MP: 0/0
  1952 | D:2      | Learned a level 1 spell: Freeze
  2777 | D:2      | Reached XP level 4. HP: 9/32 MP: 0/0
  2802 | D:1      | Reached skill level 4 in Unarmed Combat
  4538 | D:2      | Found Poduroa's Antique Armour Shop.
  4706 | D:2      | Found a faded altar of an unknown god.
  4995 | D:3      | Found a sacrificial altar of Ru.
  5018 | D:3      | Became a worshipper of Ru the Awakened
  5169 | D:3      | Reached skill level 1 in Stealth
  5169 | D:3      | Reached XP level 5. HP: 24/37 MP: 0/0
  5169 | D:3      | Learned a level 2 spell: Blink
  5922 | D:3      | Noticed a necrophage
  5942 | D:3      | Killed a necrophage
  5943 | D:3      | Reached XP level 6. HP: 25/42 MP: 0/0
  6515 | D:4      | Noticed Ijyb
  6540 | D:4      | Killed Ijyb
  6541 | D:4      | Reached skill level 5 in Unarmed Combat
  6545 | D:4      | HP: 1/64 [gnoll (5)]
  6547 | D:4      | Mangled by a gnoll

Illustrated notes

Levels and vault maps discovered:
D:1:      beargit_arrival_greenhouse, layout_basic, serial_curves,
          eino_curves_01, eino_curves_03, ebering_dispersal_statue_hall,
          hangedman_feature_mirror, roderic_lattice_a, serial_bayou_pond_d
D:2:      layout_rooms, ebering_ecumenical_altar_sacrificial, serial_shops,
          nicolae_square_shop
D:3:      layout_basic, general_overflow_altar, minmay_misc_feat_iff,
          feat_on_display
D:4:      layout_cave_pods, mainiacjoe_overflow_large_starburst,
          nicolae_gozag_seed_capital, uniq_ijyb

Skill      XL: |  1  2  3  4  5  6 |
---------------+-------------------+-----
Spellcasting   | 2 |  2.7
Unarmed Combat | 4 5 |  5.1
Stealth        | 1 |  1.3
Dodging        | 3 |  3.0
Fighting       | |  1.7

Action                   |  1- 3 |  4- 6 || total
-------------------------+-------+-------++-------
Melee: Unarmed           |    87 |   151 ||   238
       Headbutt          |    11 |    21 ||    32
       Punch             |       |     1 ||     1
Throw: Stone             |       |     9 ||     9
 Cast: Beastly Appendage |    15 |    24 ||    39
  Use: Scroll            |     2 |     3 ||     5
       Potion            |       |     1 ||     1
 Stab: Sleeping          |     2 |       ||     2
Armor: Robe              |     8 |    30 ||    38
       Skin              |       |     7 ||     7
Dodge: Dodged            |    55 |    79 ||   134
